 Dungeon Crawl Stone Soup version 0.23.1 (webtiles) character file.

Game seed: 8386880299145491842

815 Borgoz the Sneak (level 7, -5/51 (56) HPs)
             Began as a Ghoul Enchanter on Mar 5, 2019.
             Slain by a sky beast (6 damage)
             ... on level 5 of the Dungeon.
             The game lasted 00:13:47 (6504 turns).

Borgoz the Sneak (Ghoul Enchanter)                  Turns: 6504, Time: 00:13:48

HP:   -5/51 (56)    AC:  4    Str: 10 (12) XL:     7   Next: 94%
MP:   0/10          EV: 12    Int:  9 (11) God:
Gold: 193           SH:  0    Dex:  7 (10) Spells: 6/12 levels left

rFire    . . .     SeeInvis .   a - +1 dagger
rCold    + . .     Gourm    .   (no shield)
rNeg     + + +     Faith    .   q - +0 leather armour
rPois    ∞         Spirit   +   (no helmet)
rElec    .         Reflect  .   i - scarf {cloud immunity}
rCorr    .         Harm     .   (no gloves)
MR       .....                  E - +0 pair of boots
Stlth    ++........             w - amulet of guardian spirit
HPRegen  0.00/turn              (no ring)
MPRegen  0.12/turn              (no ring)

@: very slightly contaminated, starving, rotting
A: rotting body, claws 1, carnivore, cold resistance 1, negative energy
resistance 3, inhibited regeneration, torment resistance, unbreathing
a: no special abilities


You were on level 5 of the Dungeon.
You were starving.

You visited 2 branches of the dungeon, and saw 6 of its levels.

You collected 193 gold pieces.

Inventory:

Hand Weapons
 a - a +1 dagger (weapon)
 b - a +0 blowgun
Missiles
 k - 6 tomahawks (quivered)
 y - 8 poisoned needles
 D - 2 needles of confusion
Armour
 e - a +0 plate armour of fire resistance
 i - a scarf of cloud immunity (worn)
 q - a +0 leather armour (worn)
 E - a +0 pair of boots (worn)
Jewellery
 o - an uncursed amulet of faith
 r - an uncursed amulet of magic regeneration
 w - an amulet of guardian spirit (around neck)
Scrolls
 c - 2 scrolls of enchant armour {unknown}
 g - a scroll of remove curse {unknown}
 j - a scroll of fog {unknown}
 n - a scroll of fear
 s - 2 scrolls of enchant weapon {unknown}
 u - 2 scrolls of immolation
Potions
 f - a potion of agility
 m - a potion of haste
 p - 2 potions of degeneration
 x - a potion of brilliance
 z - a potion of might
 A - 2 potions of invisibility
 B - a potion of flight
Comestibles
 d - 12 rations


   Skills:
 + Level 2.4 Fighting
 + Level 3.0 Short Blades
 + Level 2.9 Armour
 + Level 3.1 Dodging
 + Level 5.7 Stealth
 + Level 3.0 Spellcasting
 + Level 3.4 Hexes


You had 6 spell levels left.
You knew the following spells:

 Your Spells              Type           Power        Failure   Level  Hunger
a - Corona                Hex            #......      10%         1    ##.....
b - Ensorcelled Hibernat  Hex/Ice        #.....       30%         2    ###....
c - Confuse               Hex            #.......     28%         3    ####...

Your spell library contained the following spells:

 Spells                   Type           Power        Failure   Level  Hunger
 Tukima's Dance           Hex            #.......     28%         3    ####...
 Dazzling Spray           Conj/Hex       #.....       52%         3    ####...


Dungeon Overview and Level Annotations

Branches:
Dungeon (5/15)             Temple (1/1) D:4

Altars:
Dithmenos
Fedhas
Kikubaaqudgha
Nemelex Xobeh
Qazlal
Ru
Sif Muna
Trog
Vehumet
Wu Jian
Xom
Yredelemnul


Innate Abilities, Weirdness & Mutations

Your body is rotting away.
You thrive on raw meat.
You are immune to poison.
You have sharp fingernails.
You are carnivorous and can eat meat at any time.
Your flesh is cold resistant. (rC+)
You are immune to negative energy. (rN+++)
You do not regenerate when monsters are visible.
You are immune to unholy pain and torment.
You can survive without breathing.


Message History

You are very lightly contaminated with residual magic.
Your skin tingles.
The sky beast flickers out of sight!
Deactivating autopickup; reactivate with Ctrl-A.
Something hits you.
* * * LOW HITPOINT WARNING * * *
Something shocks you.
* * * LOW HITPOINT WARNING * * *
You see here a robe.
A sky beast appears from thin air!
Reactivating autopickup.
Casting: Ensorcelled Hibernation (safe; 30% risk of failure)
Confirm with . or Enter, or press ? or * to list all spells.
Aiming: Ensorcelled Hibernation (safe; 30% risk of failure)
Press: ? - help, Shift-Dir - straight line, f/p - sky beast
Aim: a sky beast (moderately wounded, chance to defeat MR: 36%)
The sky beast easily resists.
The sky beast flickers out of sight!
Deactivating autopickup; reactivate with Ctrl-A.
Something hits you. Something shocks you.
You die...

#.#.####.#..######
#................'
#.#####.......####
#.# #[......'...
#.# #§......####
#.# #.......# #
#.# #.......# #
#.# #.......# #
#@# #..#.#### #.#
#..#.#
##'#####..#.#
#...........#
#...........#
#...........#
#...........#
#..........##
#...)#######


There were no monsters in sight!

Vanquished Creatures
  2 centaurs (D:5)
  2 crimson imps (D:5)
  A hound (D:4)
  2 jellies (D:5)
  2 bullfrog skeletons
  An iguana (D:4)
  3 orc wizards
  A centaur skeleton (D:4)
  3 worker ants (D:4)
  A hound zombie (D:5)
  A hound skeleton (D:4)
  9 adders
  A shadow imp (D:5)
  2 oozes
  An adder zombie (D:5)
  3 worms (D:3)
  A dart slug (D:2)
  9 orcs
  8 bats
  2 giant cockroaches (D:1)
  15 goblins
  8 hobgoblins
  7 jackals
  2 quokkas
  2 ball pythons
  A ball python skeleton (D:4)
  2 frilled lizards
  9 kobolds
  A quokka skeleton (D:4)
  12 rats
114 creatures vanquished.

Notes
Turn   | Place    | Note
-------+----------+-------------------------------------------
     0 | D:1      | Borgoz the Ghoul Enchanter began the quest for the Orb.
     0 | D:1      | Reached XP level 1. HP: 14/14 MP: 2/2
   207 | D:1      | Reached XP level 2. HP: 20/20 MP: 3/3
   677 | D:1      | Reached skill level 4 in Stealth
   677 | D:1      | Reached XP level 3. HP: 22/26 MP: 5/5
   763 | D:1      | HP: 1/26 [goblin/+0 dagger (2)]
   851 | D:1      | Learned a level 2 spell: Ensorcelled Hibernation
   857 | D:1      | Learned a level 3 spell: Confuse
   859 | D:1      | Reached skill level 1 in Short Blades
  1218 | D:2      | Reached XP level 4. HP: 15/34 MP: 0/6
  2059 | D:2      | Reached skill level 1 in Fighting
  2420 | D:2      | Reached skill level 1 in Armour
  3155 | D:3      | Reached XP level 5. HP: 40/40 MP: 2/7
  3303 | D:3      | Found a bloodstained altar of Trog.
  4027 | D:4      | Reached XP level 6. HP: 36/47 MP: 8/8
  4512 | D:4      | Found a staircase to the Ecumenical Temple.
  4517 | Temple   | Entered the Ecumenical Temple
  4754 | D:4      | Found a deep blue altar of Sif Muna.
  4816 | D:4      | Found an ornate altar of the Wu Jian Council.
  5096 | D:4      | Reached XP level 7. HP: 42/55 MP: 2/9
  5338 | D:5      | Entered Level 5 of the Dungeon
  5396 | D:5      | Reached skill level 5 in Stealth
  6487 | D:5      | HP: 1/51 [something (5)]
  6504 | D:5      | Slain by a sky beast

Skill      XL: |  1  2  3  4  5  6  7 |
---------------+----------------------+-----
Spellcasting   | 2 3 |  3.0
Stealth        | 4 5 |  5.7
Short Blades   | 1 2 3 |  3.0
Dodging        | 2 3 |  3.1
Fighting       | 1 2 |  2.4
Armour         | 1 2 |  2.9
Hexes          | 3 |  3.4

Action                   |  1- 3 |  4- 6 |  7- 9 || total
-------------------------+-------+-------+-------++-------
Melee: Dagger            |   178 |   315 |   133 ||   626
 Cast: Corona            |     3 |     1 |     3 ||     7
       Ensorcelled Hiber |     2 |    20 |    17 ||    39
       Confuse           |       |       |     1 ||     1
  Use: Scroll            |       |       |    10 ||    10
       Potion            |       |       |     5 ||     5
 Stab: Sleeping          |     5 |    19 |    12 ||    36
       Distracted        |       |     1 |       ||     1
  Eat: Chunk             |    21 |    24 |       ||    45
Armor: Robe              |    33 |       |       ||    33
       Leather armour    |    13 |    72 |    41 ||   126
Dodge: Dodged            |   149 |   175 |    85 ||   409
